 Dungeon Crawl Stone Soup version 0.17-a0-1399-gd5b76e1 (webtiles) character file.

43 urechis the Poker (level 3, -2/27 HPs)
             Began as a Merfolk Gladiator on June 19, 2015.
             Slain by a goblin
             ... wielding a +0 dagger
              (3 damage)
             ... on level 2 of the Dungeon.
             The game lasted 00:02:51 (1412 turns).

urechis the Poker (Merfolk Gladiator)               Turns: 1412, Time: 00:02:51

Health: -2/27      AC:  7    Str: 15    XL:     3   Next: 58%
Magic:  3/3        EV: 13    Int: 11    God:
Gold:   22         SH:  0    Dex: 15    Spells: 0 memorised, 2 levels left

rFire  . . .     SeeInvis .     a - +0 trident
rCold  . . .     Clarity  .     b - +0 leather armour
rNeg   . . .     SustAt   .     (no shield)
rPois  .         Gourm    .     c - +0 helmet
rElec  .         Spirit   .     (no cloak)
rCorr  .         Warding  .     (no gloves)
rMut   .         Stasis   .     (no boots)
MR     .....                    (no amulet)
Stlth  +.........               m - +4 ring of intelligence
                                i - +3 ring of protection

@: lethally poisoned (-2 -> -5), not resistant to hostile enchantments, very
unstealthy
A: change form in water, swift swim
a: no special abilities


You were on level 2 of the Dungeon.
You were not hungry.

You visited 1 branch of the dungeon, and saw 2 of its levels.

You collected 22 gold pieces.

Inventory:

Hand weapons
 a - a +0 trident (weapon)
Missiles
 d - 3 throwing nets (quivered)
Armour
 b - a +0 leather armour (worn)
 c - a +0 helmet (worn)
Jewellery
 i - a +3 ring of protection (left hand)
 m - a +4 ring of intelligence (right hand)
Scrolls
 f - a scroll of enchant armour {unknown}
 g - a scroll of fear {unknown}
 l - a scroll of random uselessness {unknown}
 o - a scroll of noise {unknown}
 p - a scroll of identify {unknown}
Potions
 h - a potion of resistance {unknown}
 j - a potion of heal wounds {unknown}
Comestibles
 e - a bread ration
 k - a royal jelly
 n - a meat ration
 r - 5 fruits


   Skills:
 - Level 2.1 Fighting
 + Level 6.5 Polearms
 - Level 2.0 Throwing
 - Level 4.0 Dodging


You had 2 spell levels left.
You didn't know any spells.

Dungeon Overview and Level Annotations

Branches:
Dungeon (2/15)

Altars:

Annotations:
D:2 Robin


Message History

The adder poisons you! The goblin hits you but does no damage.
The goblin hits you with an uncursed dagger.
You barely miss the goblin.
You feel sick. The adder bites you but does no damage.
The hobgoblin closely misses you. The goblin barely misses you.
The goblin hits you but does no damage.
The hobgoblin hits you but does no damage.
The goblin hits you with an uncursed dagger.
* * * LOW HITPOINT WARNING * * *
The adder misses you.
A goblin comes into view. It is wielding a dagger.
The goblin shouts!
You hit the goblin.
The goblin is almost dead.
The hobgoblin closely misses you. The hobgoblin barely misses you.
The hobgoblin hits you with a club.
* * * LOW HITPOINT WARNING * * *
The goblin misses you. The goblin hits you but does no damage.
The adder misses you.
The goblin hits you with an uncursed dagger.
You die...

#. ... # .#...## ..
...^.. #. .#..# #..
.... ##...#.g# #.#
g...g.gg## #.#
.....gS@g# #.#
##....ggg### #.#
#....gg...######.#
#.###....(.......#
..
#.....†......######
#
#..................
#............######
#.....######.#
#####.. #.#


You could see Robin, an adder, 3 hobgoblins and 8 goblins.

Vanquished Creatures
  A gnoll (D:1)
  An adder (D:1)
  2 bats
  2 giant cockroaches (D:1)
  A goblin (D:1)
  4 hobgoblins (D:1)
  A kobold (D:1)
  2 ball pythons
  3 giant geckos
  2 giant newts (D:1)
  5 rats (D:1)
24 creatures vanquished.

Notes
Turn   | Place    | Note
--------------------------------------------------------------
     0 | D:1      | urechis the Merfolk Gladiator began the quest for the Orb.
     0 | D:1      | Reached XP level 1. HP: 16/16 MP: 1/1
    53 | D:1      | Reached skill level 5 in Polearms
    53 | D:1      | Reached XP level 2. HP: 1/22 MP: 2/2
   724 | D:1      | Reached XP level 3. HP: 22/27 MP: 3/3
   781 | D:1      | Reached skill level 6 in Polearms
  1407 | D:2      | Noticed Robin
  1412 | D:2      | HP: 1/27 [hobgoblin/club (5)]
  1412 | D:2      | Slain by a goblin

Vault maps used:
D:1:      dpeg_arrival_castle, minmay_splitting_lines
D:2:      bloody_trog, uniq_iyjb, uniq_robin

Action                   || total
-------------------------++-------
Melee: Trident           ||    99
 Stab: Sleeping          ||     3
       Distracted        ||     1
  Eat: Chunk             ||     2
